Map: Royal Blood LE

Players

Wayfarer - Winner!

  • Race: Terran Terran
  • Spawn Location: 1:00

VOD

Have the link to the VOD?

Description

Time

  • Played on: Feb. 24, 2023, 9 a.m.
  • Length: 5:16
Show
View Real Time Build Order
Export as new Build Order

Wayfarer Terran - Winner!

Build Orders:  

Get SALT Encoding   

  12  0:02  SCV  
  12  0:14  SCV  
  12  0:18  Supply Depot  
  12  0:26  SCV  
  12  0:40  SCV, Barracks  
  12  0:44  Refinery  
  12  0:52  SCV  
  12  1:04  SCV  
  12  1:16  SCV  
  12  1:28  Marine, Orbital Command  
  12  1:42  Command Center  
  12  1:47  Barracks Reactor  
  12  1:54  Supply Depot  
  12  1:58  SCV  
  12  2:10  Barracks  
  12  2:12  SCV  
  12  2:20  Barracks  
  12  2:24  Marine  
  12  2:25  Marine  
  12  2:29  SCV  
  12  2:41  SCV  
  12  2:44  Marine x2  
  12  2:53  SCV  
  12  2:56  Orbital Command  
  12  2:58  Barracks Tech Lab  
  12  3:03  Marine x2  
  12  3:06  SCV  
  12  3:07  Barracks Tech Lab  
  12  3:16  Stimpack  
  12  3:19  SCV  
  12  3:20  Marine  
  12  3:22  Marine x2  
  12  3:26  Marine  
  12  3:27  Supply Depot, Combat Shield  
  12  3:30  SCV  
  12  3:33  SCV  
  12  3:39  Marine  
  12  3:40  Marine x2  
  12  3:44  SCV  
  12  3:45  Marine  
  12  3:51  Supply Depot, SCV  
  12  3:58  Marauder  
  12  3:59  Marine x2  
  12  4:01  SCV  
  12  4:03  SCV  
  12  4:04  Marauder  
  12  4:08  Factory  
  12  4:14  Supply Depot  
  12  4:17  SCV x2  
  12  4:19  Marine x2  
  12  4:20  Marauder  
  12  4:27  Marauder  
  12  4:30  SCV  
  12  4:36  Supply Depot, SCV  
  12  4:40  Refinery  
  12  4:42  Marine, Refinery  
  12  4:43  Marine, Refinery  
  12  4:44  Marauder  
  12  4:52  Marauder  
  12  4:58  Command Center  
  12  5:14  Factory Reactor  
Tags
 
Add a new tag
Caveats
  • Supply blocks, unpowered buildings, or Contaminate may cause inaccurate times.
  • Supply counts are checked every 10 seconds.